 Dungeon Crawl Stone Soup version 0.20.0-15-g7f486f2 (webtiles) character file.

436 polve the Ruffian (level 6, 0/61 HPs)
             Began as a Troll Fighter on July 1, 2017.
             Splashed by Ijyb's acid (13 damage)
             ... on level 4 of the Dungeon.
             The game lasted 00:02:35 (2635 turns).

polve the Ruffian (Troll Fighter)                   Turns: 2635, Time: 00:02:36

Health: 0/61       AC: -2    Str: 25    XL:     6   Next: 68%
Magic:  5/5        EV:  9    Int:  4    God:
Gold:   191        SH:  9    Dex: 11    Spells: 5/5 levels left

rFire    . . .     SeeInvis .     - Unarmed
rCold    . . .     Gourm    +   b - +0 shield
rNeg     . . .     Faith    .   a - +0 robe
rPois    .         Spirit   .   (helmet restricted)
rElec    .         Reflect  .   (no cloak)
rCorr    .         Harm     .   (gloves unavailable)
MR       .....                  (boots unavailable)
Stlth    +.........             (no amulet)
Regen    0.6/turn               (no ring)
MPRegen  0.1/turn               (no ring)

@: corroded
A: unfitting armour, claws 3, fast metabolism 3, gourmand, regeneration 1,
shaggy fur 1, tough skin 2
a: no special abilities


You were on level 4 of the Dungeon.
You were completely stuffed.

You visited 1 branch of the dungeon, and saw 4 of its levels.

You collected 191 gold pieces.

Inventory:

Armour
 a - a +0 robe (worn)
 b - a +0 shield (worn)
Scrolls
 c - a scroll of teleportation {unknown}
 e - 6 scrolls of identify {unknown}
 j - a scroll of fog {unknown}
 l - a scroll of amnesia {unknown}
 n - a scroll of fear {unknown}
 p - a scroll of remove curse {unknown}
Potions
 f - a potion of heal wounds {unknown}
 g - a potion of flight {unknown}
 h - 2 potions of lignification {unknown}
 i - a potion of haste {unknown}
 q - a potion of resistance {unknown}
 s - a potion of agility {unknown}
 t - a potion of mutation {unknown}
Comestibles
 d - 5 bread rations
 k - 7 chunks of flesh
 m - 7 fruits
 o - 3 meat rations
 r - 3 royal jellies


   Skills:
 + Level 3.2 Fighting
 + Level 1.6 Armour
 + Level 3.4 Dodging
 + Level 3.4 Shields
 * Level 4.6 Unarmed Combat


You had 5 spell levels left.
You didn't know any spells.

Dungeon Overview and Level Annotations

Branches:
Dungeon (4/15)
 Temple: D:4-7

Altars:
Trog
The Shining One

Annotations:
D:4 Ijyb


Innate Abilities, Weirdness & Mutations

You are too large for most types of armour.
You have claws for hands.
Your metabolism is lightning-fast.
You like to eat raw meat.
Your natural rate of healing is unusually fast.
You are covered in fur. (AC +1)
You have very tough skin. (AC +2)


Message History

You are too injured to fight recklessly!
You are too injured to fight recklessly!
You are too injured to fight recklessly!
You are too injured to fight recklessly!
You are too injured to fight recklessly!
You are too injured to fight recklessly!
You are too injured to fight recklessly!
You claw Ijyb!
Ijyb is moderately wounded.
Ijyb hits you with a club.
* * * LOW HITPOINT WARNING * * *
You barely miss Ijyb.
Ijyb is moderately wounded.
Ijyb hits you but does no damage.
You scratch Ijyb.
Ijyb is heavily wounded.
Ijyb zaps a wand.
The bolt of acid hits you!
* * * LOW HITPOINT WARNING * * *
The acid corrodes you!
You are splashed with acid!
The acid burns!
You die...

##.#.###
#.#
##......
#.#
#..#####
#.# #.##
# #.#
#.# ...
#.# #.#
#.# #g#
#.## +
###@#
#..#####
#...#
#.......
#.###
#..#####
#.# #.##
+ #.#
#.# #.#
#.# #.#
#.# #.#
#.# #.#
### #.#


You could see Ijyb.

Vanquished Creatures
  The ghost of Mellonil the Cudgeler, an amateur GrBe of Trog (D:4)
  An ogre (D:4)
  A gnoll shaman (D:4)
  An orc wizard (D:4)
  4 gnolls (D:4)
  3 adders (D:2)
  3 oozes
  A worm (D:2)
  2 dart slugs
  A leopard gecko (D:3)
  7 orcs
  2 bats
  3 giant cockroaches
  9 goblins
  6 hobgoblins
  15 jackals
  3 quokkas (D:2)
  A ball python (D:3)
  2 frilled lizards (D:1)
  9 kobolds
  A leopard gecko skeleton (D:4)
  11 rats
87 creatures vanquished.

Notes
Turn   | Place    | Note
-------+----------+-------------------------------------------
     0 | D:1      | polve the Troll Fighter began the quest for the Orb.
     0 | D:1      | Reached XP level 1. HP: 22/22 MP: 0/0
   134 | D:1      | Reached XP level 2. HP: 28/29 MP: 1/1
   234 | D:1      | Found a glowing golden altar of the Shining One.
   978 | D:1      | Reached XP level 3. HP: 35/36 MP: 2/2
  1022 | D:2      | Reached skill level 3 in Unarmed Combat
  1163 | D:2      | Reached XP level 4. HP: 44/44 MP: 3/3
  2158 | D:4      | Reached skill level 1 in Armour
  2165 | D:4      | Reached XP level 5. HP: 28/52 MP: 4/4
  2289 | D:4      | Noticed Mellonil's ghost (amateur GrBe)
  2303 | D:4      | Killed Mellonil's ghost
  2303 | D:4      | Reached skill level 4 in Unarmed Combat
  2303 | D:4      | Reached XP level 6. HP: 8/61 MP: 5/5
  2462 | D:4      | Found a bloodstained altar of Trog.
  2618 | D:4      | Noticed Ijyb
  2635 | D:4      | Splashed by Ijyb's acid

Skill      XL: |  1  2  3  4  5 |
---------------+----------------+-----
Unarmed Combat | 3 4 |  4.6
Armour         | 1 |  1.6
Shields        | 3 |  3.4
Dodging        | 3 |  3.4
Fighting       | 3 |  3.2

Action                   |  1- 3 |  4- 6 || total
-------------------------+-------+-------++-------
Melee: Unarmed           |   100 |   137 ||   237
  Use: Potion            |       |     1 ||     1
  Eat: Chunk             |    16 |    14 ||    30
Armor: Robe              |    28 |    33 ||    61
Dodge: Dodged            |    41 |    34 ||    75
Block: Shield            |    39 |    62 ||   101
